Map: Multiprocesador EE

Players

MrFercho - Winner!

  • Race: Protoss Protoss
  • Spawn Location: 9:00

tigro

  • Race: Terran Terran
  • Spawn Location: 5:00

VOD

Have the link to the VOD?

Description

Time

  • Played on: Aug. 22, 2019, 10:44 p.m.
  • Length: 26:13
Show
View Real Time Build Order
Export as new Build Order

MrFercho Protoss - Winner!

Build Orders:  

Get SALT Encoding   

  12  0:02  Probe  
  13  0:18  Pylon  
  13  0:23  Probe  
  14  0:40  Assimilator, Probe  
  14  0:48  Probe  
  16  1:04  Assimilator  
  16  1:11  Gateway, Probe  
  17  1:19  Probe  
  18  1:29  Probe  
  19  1:41  Probe  
  19  1:46  Nexus  
  20  1:48  Assimilator  
  20  1:52  Assimilator  
  20  1:53  Probe  
  21  2:05  Probe  
  22  2:17  Probe  
  23  2:29  Pylon  
  23  2:32  Pylon  
  23  2:43  Cybernetics Core  
  23  2:47  Forge, Zealot  
  25  2:55  Gateway  
  25  3:00  Probe  
  25  3:03  Probe  
  27  3:08  Probe  
  28  3:15  Probe  
  29  3:22  Warp Gate  
  29  3:33  Probe  
  29  3:34  Probe  
  31  3:45  Probe  
  32  3:49  Stalker x2  
  36  4:19  Protoss Ground Weapons Level 1  
  36  4:36  Probe  
  36  4:44  Probe  
  38  4:53  Probe  
  38  4:59  Robotics Facility  
  39  5:02  Stargate  
  39  5:06  Twilight Council, Probe  
  40  5:16  Protoss Air Armor Level 1  
  40  5:18  Probe  
  40  5:19  Photon Cannon  
  41  5:22  Photon Cannon  
  41  5:23  Photon Cannon  
  41  5:57  Observer  
  40  6:51  Pylon  
  40  6:55  Pylon  
  40  6:59  Pylon  
  40  7:07  Nexus  
  40  7:09  Assimilator  
  40  7:13  Assimilator  
  40  7:18  Photon Cannon x2  
  40  7:20  Photon Cannon  
  40  7:21  Photon Cannon  
  40  7:23  Photon Cannon  
  40  7:25  Photon Cannon  
  40  7:27  Photon Cannon  
  40  7:28  Photon Cannon  
  40  7:41  Pylon  
  40  7:45  Pylon  
  40  7:46  Pylon  
  40  7:50  Probe x2  
  42  7:54  Pylon  
  42  8:02  Probe x2  
  44  8:14  Probe x2  
  46  8:26  Probe, Nexus  
  46  8:27  Probe  
  48  8:28  Assimilator  
  48  8:33  Assimilator  
  48  8:38  Probe  
  48  8:39  Probe  
  50  8:44  Nexus  
  50  8:47  Assimilator  
  49  8:52  Assimilator  
  49  9:06  Gateway  
  49  9:07  Gateway  
  49  9:09  Protoss Air Weapons Level 1  
  49  9:11  Gateway  
  49  9:13  Void Ray  
  53  9:18  Gateway  
  53  9:38  Dark Shrine  
  53  9:45  Fleet Beacon  
  53  9:47  Charge  
  53  9:56  Void Ray  
  53  9:57  Immortal  
  61  10:13  Probe  
  62  10:17  Probe  
  63  10:25  Probe  
  64  10:29  Probe  
  65  10:37  Probe  
  65  10:39  Void Ray  
  65  10:41  Probe  
  71  10:49  Probe  
  72  10:53  Probe  
  73  11:01  Probe  
  74  11:05  Probe  
  74  11:11  Zealot x2  
  77  11:12  Zealot x2  
  77  11:15  Zealot x2  
  87  11:27  Resonating Glaives  
  87  11:33  Shield Battery  
  87  11:35  Shield Battery  
  87  11:37  Shield Battery  
  85  11:40  Shield Battery  
  75  11:57  Stalker x2  
  75  11:58  Stalker x3  
  75  11:59  Stalker  
  75  13:08  Blink  
  63  13:33  Adept x2  
  63  13:34  Adept x2  
  69  13:41  Carrier  
  73  13:56  Anion Pulse-Crystals  
  73  14:01  Protoss Ground Armor Level 1  
  73  14:17  Shadow Stride  
  73  14:25  Protoss Air Armor Level 2  
  73  14:37  Robotics Facility  
  73  14:42  Robotics Bay  
  73  14:45  Carrier  
  79  14:48  Templar Archives  
  79  14:54  Stargate  
  79  14:55  Stargate  
  79  15:07  Pylon  
  79  15:10  Pylon  
  75  15:45  Probe  
  75  15:49  Carrier  
  79  15:58  Mothership  
  86  16:10  Protoss Shields Level 1  
  86  16:18  Photon Cannon  
  86  16:20  Photon Cannon  
  86  16:22  Photon Cannon  
  86  16:23  Shield Battery  
  86  16:25  Shield Battery  
  86  16:27  Pylon  
  86  16:31  Pylon  
  86  16:35  Pylon  
  86  16:40  Pylon  
  86  16:42  Pylon  
  86  16:45  Pylon  
  86  16:54  Carrier  
  92  16:59  Protoss Air Weapons Level 2  
  92  17:49  Robotics Facility  
  92  17:51  Robotics Facility  
  92  17:54  Robotics Facility  
  92  17:57  Robotics Facility  
  92  17:58  Carrier, Nexus  
  98  18:01  Assimilator  
  98  18:03  Robotics Facility  
  98  18:04  Robotics Facility  
  98  18:06  Assimilator  
  95  19:28  Nexus  
  94  19:31  Assimilator  
  94  19:35  Assimilator  
  94  19:47  Pylon  
  94  19:50  Pylon  
  94  20:06  Stalker x3  
  100  20:07  Stalker x2  
  100  20:08  Stalker  
  106  20:42  Mothership  
  96  21:15  Colossus x3  
  96  21:16  Colossus x2  
  124  21:59  Colossus x4  
  124  22:00  Colossus  
  136  22:52  Colossus  
  136  22:53  Colossus x4  
  154  23:05  High Templar  
  154  23:06  High Templar x2  
  154  23:07  High Templar x3  
  166  24:43  Archon  
  166  24:45  Archon x2  
  166  24:59  Stalker x3  
  172  25:00  Stalker  
  172  25:02  Zealot x2  
Show
View Real Time Build Order
Export as new Build Order

tigro Terran 

Build Orders:  

Get SALT Encoding   

  12  0:03  SCV  
  13  0:15  SCV  
  14  0:27  Supply Depot  
  14  0:38  SCV  
  15  0:52  Refinery  
  15  1:07  Barracks  
  15  1:09  SCV  
  16  1:18  Refinery  
  16  1:22  SCV  
  17  1:34  SCV  
  18  1:46  SCV  
  19  1:53  Engineering Bay  
  19  1:58  Barracks, SCV  
  20  2:07  Marine  
  21  2:19  Supply Depot  
  21  2:25  Marine  
  22  2:39  SCV  
  22  2:43  Marine  
  24  3:01  Marine  
  25  3:10  Barracks Tech Lab  
  25  3:18  Marine  
  26  3:26  Command Center  
  26  3:31  Combat Shield  
  26  3:36  Marine  
  27  3:54  Orbital Command  
  27  4:02  Barracks Tech Lab  
  27  4:04  Reaper  
  28  4:29  SCV  
  29  4:36  Reaper  
  30  4:42  Refinery  
  30  4:47  Planetary Fortress  
  30  4:50  Stimpack  
  30  4:57  SCV  
  31  5:08  Marine  
  31  5:09  SCV  
  33  5:19  Terran Infantry Weapons Level 1  
  33  5:21  SCV  
  34  5:22  Refinery  
  34  5:26  Marine  
  35  5:29  SCV  
  35  5:33  SCV  
  37  5:41  SCV  
  38  5:44  Marine  
  38  5:45  SCV  
  40  5:53  SCV  
  41  6:02  Marine  
  42  6:05  SCV  
  42  6:11  Missile Turret  
  43  6:18  SCV  
  44  6:30  Concussive Shells  
  44  6:51  Factory  
  44  7:04  Marine  
  44  7:07  Marine  
  46  7:13  Terran Infantry Armor Level 1  
  46  7:22  Marine  
  47  7:25  Marine  
  48  7:37  Missile Turret  
  48  7:40  Marine  
  48  7:43  Marine  
  50  7:44  Factory Tech Lab  
  50  7:57  Marine  
  51  8:00  Marine  
  52  8:06  Missile Turret  
  52  8:15  Marine  
  52  8:18  Marine  
  54  8:24  Command Center  
  54  8:30  Missile Turret  
  54  8:47  Marine x2  
  56  8:52  Missile Turret  
  56  9:07  Hi-Sec Auto Tracking  
  56  9:17  Armory  
  56  9:44  Missile Turret  
  56  9:52  Missile Turret, Siege Tank  
  59  10:04  Neosteel Armor  
  59  10:05  Supply Depot  
  59  10:22  Starport  
  59  10:24  Siege Tank  
  62  10:48  Terran Vehicle Weapons Level 1  
  62  10:55  Infernal Pre-Igniter  
  62  10:56  Siege Tank  
  65  11:03  Medivac  
  67  11:10  Starport  
  67  11:28  Siege Tank  
  70  11:32  Medivac  
  72  11:44  Terran Infantry Armor Level 2  
  72  11:49  Missile Turret  
  72  12:01  Siege Tank  
  75  12:12  Starport Tech Lab  
  75  12:14  Mag-Field Accelerator  
  69  12:23  Starport Tech Lab  
  69  12:27  Marine  
  63  12:31  Marine  
  63  12:32  Thor  
  56  12:43  Terran Vehicle And Ship Armor Level 1  
  53  12:44  Marine  
  53  12:49  Marine  
  52  13:02  Marine  
  50  13:06  Marine  
  50  13:10  Missile Turret  
  47  13:20  Marine  
  47  13:24  Marine  
  49  13:28  Missile Turret  
  49  13:38  Marine  
  50  13:42  Marine  
  51  13:53  Drilling Claws  
  51  13:56  Marine  
  51  13:59  Terran Infantry Weapons Level 2  
  51  14:00  Marine  
  51  14:01  Missile Turret  
  53  14:03  Siege Tank  
  56  14:13  Marine  
  57  14:18  Marine  
  58  14:24  Fusion Core  
  58  14:26  Rapid Reignition System  
  58  14:30  Viking  
  60  14:31  Marine  
  60  14:35  Marine, Siege Tank  
  60  14:37  Terran Ship Weapons Level 1  
  65  14:39  Planetary Fortress  
  65  14:50  Marauder  
  65  14:52  Refinery  
  67  14:54  Marauder  
  69  15:00  Viking  
  71  15:07  Siege Tank  
  71  15:11  Marauder  
  71  15:12  Smart Servos  
  76  15:15  Marauder  
  70  15:23  Corvid Reactor  
  58  15:30  Viking  
  58  15:32  Marauder  
  50  15:37  Marauder  
  50  15:39  Siege Tank  
  50  15:54  Marauder  
  52  15:58  Marauder  
  52  16:00  Viking  
  56  16:11  Siege Tank  
  56  16:15  Marauder  
  61  16:19  Marauder  
  61  16:22  Weapon Refit  
  63  16:30  Viking  
  65  16:35  Viking  
  67  16:41  Marauder, Cloaking Field  
  69  17:02  Marauder  
  69  17:05  Medivac, Refinery  
  73  17:24  Marauder  
  75  17:35  Medivac  
  77  18:01  Hyperflight Rotors  
  77  18:16  Missile Turret  
  77  18:35  Missile Turret  
  77  18:39  Battlecruiser  
  83  18:51  Battlecruiser  
  89  19:02  Missile Turret  
  53  19:43  Battlecruiser  
  59  19:55  Marine  
  59  19:59  Marine  
  61  20:13  Marine  
  62  20:16  Missile Turret  
  62  20:17  Marine  
  61  20:31  Marine  
  61  20:35  Marine  
  51  20:48  Battlecruiser  
  51  20:49  Marine  
  57  20:53  Marine  
  47  21:54  Engineering Bay  
  47  22:11  Supply Depot  
  39  22:55  Marine x2  
  38  23:23  Supply Depot  
  38  23:26  Marine  
  38  23:40  Missile Turret  
  38  23:45  Marine, Battlecruiser  
  32  24:06  Marine  
  31  24:25  Missile Turret  
  30  24:38  Missile Turret  
  30  24:46  Missile Turret  
  18  25:04  Missile Turret  
  17  25:17  Barracks  
  17  25:29  Missile Turret  
Tags
 
Matchup
PvT
Replay Pack
MrFercho
Spawn Locations
Cross Positions
Add a new tag
Caveats
  • Supply blocks, unpowered buildings, or Contaminate may cause inaccurate times.
  • Supply counts are checked every 10 seconds.